Crunch vs Comets

Created - 24 avril 2024 at 03:55

Goals
1 2 3 T
Crunch 0 0 2 2
Comets 3 1 0 4
Shots
1 2 3 T
Crunch 14 7 15 36
Comets 15 12 5 32

1st period

1. Comets , Shakir Mukhamadullin 1 (Semyon Der-Arguchintsev 1, Sampo Ranta 1) at 7:11
2. Comets , Mavrik Bourque 1 (Kyle Capobianco 1, Philip Broberg 1) at 7:43
3. Comets , Philip Broberg 1 (Adam Gaudette 1, Kyle Capobianco 2) at 15:55 (PP)

Penalties :
Tommy Novak (COM) for Tripping (Minor) at 4:38, Cale Fleury (COM) for Elbowing (Minor) at 8:12, Jacob Larsson (CRU) for Boarding (Minor) at 14:45, Shakir Mukhamadullin (COM) for Cross-checking (Minor) at 18:53

2nd period

4. Comets , Anthony Greco 1 (Cale Fleury 1, Alex Alexeyev 1) at 11:13

Penalties :
Ville Heinola (CRU) for Holding (Minor) at 3:28, Adam Ginning (CRU) for Roughing (Double Minor) at 16:58

3rd period

5. Crunch , Nikita Okhotiuk 1 (Cross Hanas 1, Jake Walman 1) at 16:24
6. Crunch , Tyson Foerster 1 (Connor McMichael 1, Cam York 1) at 17:30

Penalties :
Cale Fleury (COM) for Slashing (Minor) at 9:21, Kyle Capobianco (COM) for Roughing (Minor) at 16:14, Travis Barron (CRU) for Hooking (Minor) at 16:14

Goalie Stats

Lukas Dostal (CRU), 28 saves from 32 shots - (0,875), L, 0-1-0, 60:00 minutes
Jesper Wallstedt (COM), 34 saves from 36 shots - (0,944), W, 1-0-0, 60:00 minutes

Players Stats for Crunch

Player Name              G  A  P  +/- PIM S  H  SB GA TA FO     MP     PP MP  PK MP  
------------------------------------------------------------------------------------
Adam Ginning             0  0  0  -1  4   2  2  0  0  0  0/0     9:37   0:00   0:00 
Arthur Kaliyev           0  0  0   0  0   7  0  0  0  0  1/2    20:12   4:08   0:00 
Cam York                 0  1  1   0  0   1  3  0  0  0  0/0    23:35   3:42   3:13 
Cameron Schilling        0  0  0   0  0   0  0  0  0  0  0/0     0:00   0:00   0:00 
Connor McMichael         0  1  1   0  0   3  0  0  0  0  14/31  22:33   3:48   1:41 
Cross Hanas              0  1  1  -1  0   1  1  0  0  0  0/1    11:05   0:00   0:00 
Dmitrij Jaskin           0  0  0   0  0   0  4  0  0  0  1/1    20:12   4:08   0:00 
Egor Zamula              0  0  0  -1  0   0  0  1  0  0  0/0    25:57   4:14   4:34 
Jacob Larsson            0  0  0   0  2   2  4  1  0  0  0/0    22:46   3:42   2:25 
Jake Walman              0  1  1   0  0   4  2  2  0  0  0/0    23:16   4:14   3:55 
Joakim Kemell            0  0  0  -1  0   5  2  0  0  0  9/18   25:46   3:48   5:27 
Nikita Okhotiuk          1  0  1   1  0   1  0  1  0  0  0/0     5:09   0:00   0:09 
Robbie Russo             0  0  0   0  0   0  0  0  0  0  0/0     0:00   0:00   0:00 
Ruslan Iskhakov          0  0  0  -1  0   0  0  0  0  0  6/18   12:18   0:10   0:00 
Ryan Suzuki              0  0  0  -2  0   2  0  0  0  0  0/1     9:58   0:00   5:27 
Travis Barron            0  0  0  -1  2   2  6  0  0  0  2/2    19:50   3:48   0:00 
Tyson Foerster           1  0  1   1  0   5  2  0  0  0  14/35  28:58   3:58   1:41 
Ville Heinola            0  0  0  -1  2   1  1  1  0  0  0/0     9:37   0:00   0:00 

Players Stats for Comets

Player Name              G  A  P  +/- PIM S  H  SB GA TA FO     MP     PP MP  PK MP  
------------------------------------------------------------------------------------
Adam Cracknell           0  0  0   0  0   0  0  0  0  0  0/0     0:00   0:00   0:00 
Adam Gaudette            0  1  1   0  0   4  1  1  0  0  2/3    19:31   4:05   1:51 
Alex Alexeyev            0  1  1  -1  0   2  5  2  0  0  0/0    25:30   3:50   3:59 
Anthony Greco            1  0  1   2  0   4  1  0  0  0  1/3    17:50   3:03   1:55 
Brad Malone              0  0  0   1  0   0  1  0  0  0  0/0     8:36   0:00   1:04 
Cale Fleury              0  1  1  -1  4   2  4  2  0  0  0/0    24:00   3:50   2:10 
Eetu Tuulola             0  0  0   0  0   2  1  0  0  0  0/0    10:24   0:00   0:00 
Jared McIsaac            0  0  0   1  0   1  0  1  0  0  0/0    14:45   0:00   0:17 
Juraj Slafkovsky         0  0  0   0  0   4  0  0  0  0  4/6    13:11   0:00   2:47 
Kaapo Kakko              0  0  0  -2  0   2  3  0  0  0  10/16  23:00   4:05   4:47 
Kyle Capobianco          0  2  2   1  2   0  2  1  0  0  0/0    19:45   3:18   3:41 
Mavrik Bourque           1  0  1   1  0   2  0  0  0  0  9/11    7:50   0:00   0:18 
Nate Schnarr             0  0  0   0  0   1  0  0  0  0  10/14  10:24   0:00   0:00 
Philip Broberg           1  1  2   1  0   2  1  3  0  0  0/0    20:26   3:18   3:40 
Sampo Ranta              0  1  1   3  0   1  1  0  0  0  0/0    22:44   3:03   0:00 
Semyon Der-Arguchintsev  0  1  1   2  0   1  2  2  0  0  11/25  15:12   3:03   0:00 
Shakir Mukhamadullin     1  0  1   1  2   2  3  0  0  0  0/0    15:30   0:00   2:05 
Tommy Novak              0  0  0  -2  2   2  3  0  0  0  15/31  21:22   4:05   3:10 

3 Stars

1 - Philip Broberg (COM)
2 - Anthony Greco (COM)
3 - Jesper Wallstedt (COM)

Power Play

Crunch - 0 on 4 Attempt(s) - 0,00%
Comets - 1 on 4 Attempt(s) - 25,00%

Penalty Kill

Crunch - 3 on 4 Attempt(s) - 75,00% - Score 0 goal in Penalty Kill
Comets - 4 on 4 Attempt(s) - 100,00% - Score 0 goal in Penalty Kill

Team Stat

Crunch - Hits : 27 - Faceoff Wins : 47 - Blocked Shots : 6 - Penalty Minutes : 10
Comets - Hits : 28 - Faceoff Wins : 62 - Blocked Shots : 12 - Penalty Minutes : 10

Official

Referees : Geno Binda and Jake Brenk
Linesman : Brian Murphy and Kevin Keenan

Game Notes

No Game Note

Finance

Level 1 -- Attendance: 3000 (100,00%) -- Ticket Income $63,000
Level 2 -- Attendance: 4000 (100,00%) -- Ticket Income $36,000
Total Attendance: 7000 (100,00%)
Total Ticket Income: $99,000
Other Income: $48,510
Total Income: $147,510

Crunch

5 vs 5 Forward 
   Center                   Left Wing                Right Wing               Time % Phy DF OF 
 1 Tyson Foerster           Dmitrij Jaskin           Arthur Kaliyev           40     1   2  2  
 2 Connor McMichael         Travis Barron            Joakim Kemell            30     1   2  2  
 3 Ruslan Iskhakov          Cross Hanas              Tyson Foerster           20     1   2  2  
 4 Ryan Suzuki              Connor McMichael         Tyson Foerster           10     1   2  2  

5 vs 5 Defense 
   Defense                  Defense                                           Time % Phy DF OF 
 1 Jake Walman              Egor Zamula                                       40     1   2  2  
 2 Cam York                 Jacob Larsson                                     30     1   2  2  
 3 Egor Zamula              Nikita Okhotiuk                                   20     1   2  2  
 4 Ville Heinola            Adam Ginning                                      10     1   2  2  

PowerPlay Forward 
   Center                   Left Wing                Right Wing               Time % Phy DF OF 
 1 Tyson Foerster           Dmitrij Jaskin           Arthur Kaliyev           60     1   2  2  
 2 Connor McMichael         Travis Barron            Joakim Kemell            40     1   2  2  

PowerPlay Defense
   Defense                  Defense                                           Time % Phy DF OF 
 1 Jake Walman              Egor Zamula                                       60     1   2  2  
 2 Cam York                 Jacob Larsson                                     40     1   2  2  

Penalty Kill 4 Players Forward 
   Center                   Wing                     Time % Phy DF OF 
 1 Joakim Kemell            Ryan Suzuki              60     1   2  2  
 2 Tyson Foerster           Connor McMichael         40     1   2  2  

Penalty Kill 4 Players Defense
   Defense                  Defense                  Time % Phy DF OF 
 1 Jake Walman              Egor Zamula              60     1   2  2  
 2 Cam York                 Jacob Larsson            40     1   2  2  

Penalty Kill - 3 Players Forward 
   Forward                                           Time % Phy DF OF 
 1 Tyson Foerster                                    60     1   2  2  
 2 Connor McMichael                                  40     1   2  2  

Penalty Kill - 3 Players Defense
   Defense                  Defense                  Time % Phy DF OF 
 1 Jake Walman              Egor Zamula              60     1   2  2  
 2 Cam York                 Jacob Larsson            40     1   2  2  

4 vs 4 Forward 
   Center                   Wing                     Time % Phy DF OF 
 1 Ruslan Iskhakov          Cross Hanas              60     1   2  2  
 2 Tyson Foerster           Connor McMichael         40     1   2  2  

4 vs 4 Defense
   Defense                  Defense                  Time % Phy DF OF 
 1 Jake Walman              Nikita Okhotiuk          60     1   2  2  
 2 Cam York                 Jacob Larsson            40     1   2  2  

Last Minutes Offensive
   Center                   Left Wing                Right Wing               Defense                  Defense                  
   Tyson Foerster           Dmitrij Jaskin           Arthur Kaliyev           Jake Walman              Jacob Larsson            

Last Minutes Defensive
   Center                   Left Wing                Right Wing               Defense                  Defense                  
   Tyson Foerster           Dmitrij Jaskin           Arthur Kaliyev           Jake Walman              Jacob Larsson            

Goaltenders
Starting : Lukas Dostal             
Backup : Alex D'Orio              

Extra Forwards
Normal : Ruslan Iskhakov, Ryan Suzuki, Cross Hanas - PP : Ruslan Iskhakov, Ryan Suzuki - PK : Cross Hanas
Extra Defensemen
Normal : Cameron Schilling, Egor Zamula, Nikita Okhotiuk - PP : Cameron Schilling - PK : Egor Zamula, Nikita Okhotiuk
Penalty Shots
Dmitrij Jaskin, Arthur Kaliyev, Tyson Foerster, Connor McMichael, Joakim Kemell
Custom OT Lines Forwards
Dmitrij Jaskin, Arthur Kaliyev, Tyson Foerster, Connor McMichael, Joakim Kemell, Travis Barron, Ruslan Iskhakov, Ryan Suzuki, Cross Hanas, 
Custom OT Lines Defensemen
Jake Walman, Nikita Okhotiuk, Cam York, Jacob Larsson, Egor Zamula

Scratches
Brad Lambert (Healthy), Kevin Hancock (Healthy), Jonathan Ang (Healthy), Patrick Harper (Healthy), Declan Chisholm (Healthy)
Andrei Altybarmakian (Healthy), Dylan McLaughlin (Healthy), Dmitry Semykin (Healthy), Simon Lundmark (Healthy), Taylor Gauthier (Healthy)
Philippe Desrosiers (Healthy), Christopher Gibson (Suspend), Josef Korenar (Healthy), Stefanos Lekkas (Healthy), Filip Lindberg (Healthy)

Comets

5 vs 5 Forward 
   Center                   Left Wing                Right Wing               Time % Phy DF OF 
 1 Tommy Novak              Adam Gaudette            Kaapo Kakko              30     1   2  2  
 2 Semyon Der-Arguchintsev  Anthony Greco            Sampo Ranta              30     1   2  2  
 3 Mavrik Bourque           Sampo Ranta              Brad Malone              20     1   2  2  
 4 Nate Schnarr             Juraj Slafkovsky         Eetu Tuulola             20     1   2  2  

5 vs 5 Defense 
   Defense                  Defense                                           Time % Phy DF OF 
 1 Cale Fleury              Alex Alexeyev                                     40     1   2  2  
 2 Philip Broberg           Kyle Capobianco                                   30     1   2  2  
 3 Jared McIsaac            Shakir Mukhamadullin                              30     1   2  2  
 4 Cale Fleury              Alex Alexeyev                                     0      1   2  2  

PowerPlay Forward 
   Center                   Left Wing                Right Wing               Time % Phy DF OF 
 1 Tommy Novak              Adam Gaudette            Kaapo Kakko              60     1   2  2  
 2 Semyon Der-Arguchintsev  Anthony Greco            Sampo Ranta              40     1   2  2  

PowerPlay Defense
   Defense                  Defense                                           Time % Phy DF OF 
 1 Cale Fleury              Alex Alexeyev                                     60     1   2  2  
 2 Philip Broberg           Kyle Capobianco                                   40     1   2  2  

Penalty Kill 4 Players Forward 
   Center                   Wing                     Time % Phy DF OF 
 1 Kaapo Kakko              Tommy Novak              60     1   2  2  
 2 Adam Gaudette            Anthony Greco            40     1   2  2  

Penalty Kill 4 Players Defense
   Defense                  Defense                  Time % Phy DF OF 
 1 Cale Fleury              Alex Alexeyev            60     1   2  2  
 2 Philip Broberg           Kyle Capobianco          40     1   2  2  

Penalty Kill - 3 Players Forward 
   Forward                                           Time % Phy DF OF 
 1 Kaapo Kakko                                       60     1   2  2  
 2 Tommy Novak                                       40     1   2  2  

Penalty Kill - 3 Players Defense
   Defense                  Defense                  Time % Phy DF OF 
 1 Cale Fleury              Alex Alexeyev            60     1   2  2  
 2 Philip Broberg           Kyle Capobianco          40     1   2  2  

4 vs 4 Forward 
   Center                   Wing                     Time % Phy DF OF 
 1 Kaapo Kakko              Tommy Novak              60     1   2  2  
 2 Adam Gaudette            Anthony Greco            40     1   2  2  

4 vs 4 Defense
   Defense                  Defense                  Time % Phy DF OF 
 1 Cale Fleury              Alex Alexeyev            60     1   2  2  
 2 Philip Broberg           Kyle Capobianco          40     1   2  2  

Last Minutes Offensive
   Center                   Left Wing                Right Wing               Defense                  Defense                  
   Tommy Novak              Adam Gaudette            Kaapo Kakko              Cale Fleury              Alex Alexeyev            

Last Minutes Defensive
   Center                   Left Wing                Right Wing               Defense                  Defense                  
   Tommy Novak              Adam Gaudette            Kaapo Kakko              Cale Fleury              Alex Alexeyev            

Goaltenders
Starting : Jesper Wallstedt         
Backup : Anton Khudobin           

Extra Forwards
Normal : Mavrik Bourque, Sampo Ranta, Juraj Slafkovsky - PP : Mavrik Bourque, Sampo Ranta - PK : Juraj Slafkovsky
Extra Defensemen
Normal : Jared McIsaac, Shakir Mukhamadullin, Philip Broberg - PP : Jared McIsaac - PK : Shakir Mukhamadullin, Philip Broberg
Penalty Shots
Kaapo Kakko, Tommy Novak, Adam Gaudette, Anthony Greco, Semyon Der-Arguchintsev
Custom OT Lines Forwards
Kaapo Kakko, Tommy Novak, Adam Gaudette, Anthony Greco, Semyon Der-Arguchintsev, Mavrik Bourque, Sampo Ranta, Eetu Tuulola, Juraj Slafkovsky, Brad Malone
Custom OT Lines Defensemen
Cale Fleury, Alex Alexeyev, Philip Broberg, Kyle Capobianco, Jared McIsaac

Scratches
Stanislav Galiev (Healthy), Dylan Sadowy (Healthy), Cliff Pu (Healthy), Thomas Miller (Healthy), Joseph LaBate (Healthy)
David Broll (Healthy), Andrey Pedan (Healthy), Matej Pekar (Healthy), Martin Pospisil (Healthy), Lassi Thomson (Healthy)
Ty Ronning (Healthy), Joseph Cecconi (Healthy), Tyler Madden (Left Foot Injury), Paul Thompson (Healthy), Seth Helgeson (Healthy)
Matej Chalupa (Healthy), William Lochead (Healthy), Isaac Johnson (Healthy), Reece Newkirk (Healthy), Griffin Mendel (Healthy)
Gage Alexander (Healthy), Dylan Wells (Healthy), Parker Gahagen (Healthy)

% Time on Ice - Crunch

Lines # - Real PCT - Wanted PCT - Time Play
Normal Forward
1 - 37% - 40% - 16:04
2 - 37% - 30% - 16:03
3 - 22% - 20% - 9:36
4 - 3% - 10% - 1:14
Normal Defense
1 - 32% - 40% - 13:38
2 - 38% - 30% - 16:10
3 - 8% - 20% - 3:31
4 - 22% - 10% - 9:38
PP Forward
1 - 52% - 60% - 4:08
2 - 48% - 40% - 3:48
PP Defense
1 - 53% - 60% - 4:14
2 - 47% - 40% - 3:42
PK Forward
1 - 76% - 60% - 5:27
2 - 24% - 40% - 1:41
PK Defense
1 - 55% - 60% - 3:55
2 - 45% - 40% - 3:13
PK3 Forward
1 - 0% - 60%
2 - 0% - 40%
PK3 Defense
1 - 0% - 60%
2 - 0% - 40%
44 Forward
1 - 75% - 60% - 1:29
2 - 25% - 40% - 0:30
44 Defense
1 - 75% - 60% - 1:29
2 - 25% - 40% - 0:30
Last Minute Offensive  - 0:00
Last Minute Defensive  - 0:00
Total
Forward - 60:00
Defense - 60:00

% Time on Ice - Comets

Lines # - Real PCT - Wanted PCT - Time Play
Normal Forward
1 - 30% - 30% - 12:52
2 - 28% - 30% - 12:09
3 - 18% - 20% - 7:32
4 - 24% - 20% - 10:24
Normal Defense
1 - 38% - 40% - 16:25
2 - 30% - 30% - 12:47
3 - 32% - 30% - 13:45
4 - 0% - 0% - 0:00
PP Forward
1 - 57% - 60% - 4:05
2 - 43% - 40% - 3:03
PP Defense
1 - 54% - 60% - 3:50
2 - 46% - 40% - 3:18
PK Forward
1 - 76% - 60% - 6:01
2 - 24% - 40% - 1:55
PK Defense
1 - 54% - 60% - 4:16
2 - 46% - 40% - 3:40
PK3 Forward
1 - 0% - 60%
2 - 0% - 40%
PK3 Defense
1 - 0% - 60%
2 - 0% - 40%
44 Forward
1 - 64% - 60% - 1:16
2 - 36% - 40% - 0:43
44 Defense
1 - 64% - 60% - 1:16
2 - 36% - 40% - 0:43
Last Minute Offensive  - 0:00
Last Minute Defensive  - 0:00
Total
Forward - 60:00
Defense - 60:00

Play-by-Play

1st period


0:01 of 1st period - Tommy Novak wins face-off versus Tyson Foerster in neutral zone.
0:03 of 1st period - Cale Fleury is hit by Jake Walman and loses puck.
0:18 of 1st period - Shot by Adam Gaudette.
0:18 of 1st period - Shot Misses the Net.
0:26 of 1st period - Shot by Adam Gaudette.
0:26 of 1st period - Stopped by Lukas Dostal without a rebound.
0:27 of 1st period - Connor McMichael wins face-off versus Semyon Der-Arguchintsev in Crunch zone.
0:29 of 1st period - Icing by Cam York.
0:30 of 1st period - Connor McMichael wins face-off versus Semyon Der-Arguchintsev in Crunch zone.
0:30 of 1st period - Connor McMichael is hit by Semyon Der-Arguchintsev.
0:39 of 1st period - Icing by Cam York.
0:40 of 1st period - Nate Schnarr wins face-off versus Connor McMichael in Crunch zone.
1:02 of 1st period - Icing by Connor McMichael.
1:03 of 1st period - Mavrik Bourque wins face-off versus Connor McMichael in Crunch zone.
1:03 of 1st period - Sampo Ranta is hit by Cam York and loses puck.
1:14 of 1st period - Brad Malone is hit by Travis Barron and loses puck.
2:48 of 1st period - Shot by Ryan Suzuki.
2:48 of 1st period - Stopped by Jesper Wallstedt without a rebound.
2:49 of 1st period - Arthur Kaliyev wins face-off versus Nate Schnarr in Comets zone.
3:10 of 1st period - Shot by Dmitrij Jaskin.
3:10 of 1st period - Shot Blocked by Kyle Capobianco.
3:12 of 1st period - Shot by Tyson Foerster.
3:12 of 1st period - Deflect By Dmitrij Jaskin.
3:12 of 1st period - Shot Blocked by Philip Broberg.
3:25 of 1st period - Icing by Philip Broberg.
3:26 of 1st period - Juraj Slafkovsky wins face-off versus Connor McMichael in Comets zone.
4:23 of 1st period - Shot by Alex Alexeyev.
4:23 of 1st period - Shot Misses the Net.
4:25 of 1st period - Shot by Semyon Der-Arguchintsev.
4:25 of 1st period - Shot Misses the Net.
4:38 of 1st period - Minor Penalty to Tommy Novak for Tripping.
4:39 of 1st period - Dmitrij Jaskin wins face-off versus Juraj Slafkovsky in Comets zone.
4:42 of 1st period - Shot by Arthur Kaliyev.
4:42 of 1st period - Shot Misses the Net.
4:44 of 1st period - Shot by Ruslan Iskhakov.
4:44 of 1st period - Shot Misses the Net.
4:48 of 1st period - Shot by Cam York.
4:48 of 1st period - Stopped by Jesper Wallstedt without a rebound.
4:49 of 1st period - Kaapo Kakko wins face-off versus Arthur Kaliyev in Comets zone.
5:35 of 1st period - Icing by Egor Zamula.
5:36 of 1st period - Tyson Foerster wins face-off versus Kaapo Kakko in Crunch zone.
6:02 of 1st period - Off-side.
6:03 of 1st period - Connor McMichael wins face-off versus Kaapo Kakko in neutral zone.
7:09 of 1st period - Shot by Semyon Der-Arguchintsev.
7:09 of 1st period - Stopped by Lukas Dostal with a rebound.
7:11 of 1st period - Shot by Shakir Mukhamadullin.
7:11 of 1st period - Goal by Shakir Mukhamadullin - Crunch : 0 - Comets : 1.
7:12 of 1st period - Connor McMichael wins face-off versus Mavrik Bourque in neutral zone.
7:43 of 1st period - Shot by Mavrik Bourque.
7:43 of 1st period - Goal by Mavrik Bourque - Crunch : 0 - Comets : 2.
7:44 of 1st period - Tommy Novak wins face-off versus Tyson Foerster in neutral zone.
7:44 of 1st period - Tommy Novak is hit by Dmitrij Jaskin.
8:00 of 1st period - Shot by Tommy Novak.
8:00 of 1st period - Stopped by Lukas Dostal with a rebound.
8:02 of 1st period - Shot by Shakir Mukhamadullin.
8:02 of 1st period - Stopped by Lukas Dostal without a rebound.
8:03 of 1st period - Nate Schnarr wins face-off versus Cross Hanas in Crunch zone.
8:04 of 1st period - Shot by Cale Fleury.
8:04 of 1st period - Shot Misses the Net.
8:06 of 1st period - Shot by Nate Schnarr.
8:06 of 1st period - Shot Misses the Net.
8:08 of 1st period - Shot by Nate Schnarr.
8:08 of 1st period - Shot Blocked by Ville Heinola.
8:10 of 1st period - Shot by Nate Schnarr.
8:10 of 1st period - Stopped by Lukas Dostal without a rebound.
8:11 of 1st period - Tyson Foerster wins face-off versus Tommy Novak in Crunch zone.
8:11 of 1st period - Tyson Foerster is hit by Tommy Novak.
8:12 of 1st period - Minor Penalty to Cale Fleury for Elbowing.
8:13 of 1st period - Kaapo Kakko wins face-off versus Connor McMichael in Comets zone.
8:28 of 1st period - Shot by Egor Zamula.
8:28 of 1st period - Shot Misses the Net.
8:30 of 1st period - Shot by Travis Barron.
8:30 of 1st period - Shot Misses the Net.
8:32 of 1st period - Shot by Connor McMichael.
8:32 of 1st period - Shot Misses the Net.
8:34 of 1st period - Shot by Travis Barron.
8:34 of 1st period - Stopped by Jesper Wallstedt without a rebound.
8:35 of 1st period - Adam Gaudette wins face-off versus Tyson Foerster in Comets zone.
8:56 of 1st period - Shot by Arthur Kaliyev.
8:56 of 1st period - Shot Blocked by Adam Gaudette.
8:58 of 1st period - Shot by Jacob Larsson.
8:58 of 1st period - Shot Misses the Net.
9:00 of 1st period - Shot by Jacob Larsson.
9:00 of 1st period - Shot Misses the Net.
9:04 of 1st period - Shot by Cam York.
9:04 of 1st period - Shot Misses the Net.
9:06 of 1st period - Shot by Arthur Kaliyev.
9:06 of 1st period - Stopped by Jesper Wallstedt with a rebound.
9:08 of 1st period - Shot by Arthur Kaliyev.
9:08 of 1st period - Stopped by Jesper Wallstedt with a rebound.
9:41 of 1st period - Shot by Connor McMichael.
9:41 of 1st period - Stopped by Jesper Wallstedt without a rebound.
9:42 of 1st period - Kaapo Kakko wins face-off versus Connor McMichael in Comets zone.
9:42 of 1st period - Kaapo Kakko is hit by Travis Barron.
9:52 of 1st period - Shot by Joakim Kemell.
9:52 of 1st period - Stopped by Jesper Wallstedt without a rebound.
9:53 of 1st period - Travis Barron wins face-off versus Kaapo Kakko in Comets zone.
10:08 of 1st period - Shot by Joakim Kemell.
10:08 of 1st period - Shot Misses the Net.
10:10 of 1st period - Shot by Connor McMichael.
10:10 of 1st period - Stopped by Jesper Wallstedt without a rebound.
10:11 of 1st period - Kaapo Kakko wins face-off versus Tyson Foerster in Comets zone.
10:16 of 1st period - Sampo Ranta is hit by Tyson Foerster and loses puck.
10:34 of 1st period - Mavrik Bourque is hit by Adam Ginning.
10:59 of 1st period - Icing by Philip Broberg.
11:00 of 1st period - Connor McMichael wins face-off versus Mavrik Bourque in Comets zone.
11:00 of 1st period - Jake Walman is hit by Philip Broberg and loses puck.
11:14 of 1st period - Off-side.
11:15 of 1st period - Tommy Novak wins face-off versus Tyson Foerster in neutral zone.
11:32 of 1st period - Cale Fleury is hit by Dmitrij Jaskin and loses puck.
11:44 of 1st period - Icing by Jacob Larsson.
11:45 of 1st period - Nate Schnarr wins face-off versus Tyson Foerster in Crunch zone.
11:51 of 1st period - Cam York is hit by Shakir Mukhamadullin and loses puck.
12:49 of 1st period - Shot by Jake Walman.
12:49 of 1st period - Shot Misses the Net.
13:15 of 1st period - Shot by Adam Ginning.
13:15 of 1st period - Stopped by Jesper Wallstedt without a rebound.
13:16 of 1st period - Tyson Foerster wins face-off versus Tommy Novak in Comets zone.
13:33 of 1st period - Icing by Kaapo Kakko.
13:34 of 1st period - Ruslan Iskhakov wins face-off versus Tommy Novak in Comets zone.
13:57 of 1st period - Shot by Adam Gaudette.
13:57 of 1st period - Shot Misses the Net.
14:07 of 1st period - Shot by Tyson Foerster.
14:07 of 1st period - Shot Hit the Post.
14:36 of 1st period - Off-side.
14:37 of 1st period - Nate Schnarr wins face-off versus Connor McMichael in neutral zone.
14:41 of 1st period - Jared McIsaac is hit by Jacob Larsson and loses puck.
14:45 of 1st period - Minor Penalty to Jacob Larsson for Boarding.
14:46 of 1st period - Anthony Greco wins face-off versus Joakim Kemell in Crunch zone.
14:57 of 1st period - Shot by Semyon Der-Arguchintsev.
14:57 of 1st period - Shot Misses the Net.
14:59 of 1st period - Shot by Alex Alexeyev.
14:59 of 1st period - Shot Misses the Net.
15:01 of 1st period - Shot by Sampo Ranta.
15:01 of 1st period - Stopped by Lukas Dostal without a rebound.
15:02 of 1st period - Joakim Kemell wins face-off versus Anthony Greco in Crunch zone.
15:34 of 1st period - Shot by Cale Fleury.
15:34 of 1st period - Stopped by Lukas Dostal without a rebound.
15:35 of 1st period - Tommy Novak wins face-off versus Tyson Foerster in Crunch zone.
15:43 of 1st period - Shot by Adam Gaudette.
15:43 of 1st period - Stopped by Lukas Dostal without a rebound.
15:44 of 1st period - Tommy Novak wins face-off versus Joakim Kemell in Crunch zone.
15:55 of 1st period - Shot by Philip Broberg.
15:55 of 1st period - Goal by Philip Broberg - Crunch : 0 - Comets : 3.
15:56 of 1st period - Nate Schnarr wins face-off versus Tyson Foerster in neutral zone.
16:03 of 1st period - Shot by Eetu Tuulola.
16:03 of 1st period - Shot Misses the Net.
16:05 of 1st period - Shot by Juraj Slafkovsky.
16:05 of 1st period - Stopped by Lukas Dostal without a rebound.
16:06 of 1st period - Tyson Foerster wins face-off versus Semyon Der-Arguchintsev in Crunch zone.
16:06 of 1st period - Jake Walman is hit by Sampo Ranta and loses puck.
16:12 of 1st period - Jake Walman is hit by Alex Alexeyev and loses puck.
16:24 of 1st period - Arthur Kaliyev is hit by Alex Alexeyev and loses puck.
16:43 of 1st period - Shot by Jake Walman.
16:43 of 1st period - Stopped by Jesper Wallstedt without a rebound.
16:44 of 1st period - Kaapo Kakko wins face-off versus Connor McMichael in Comets zone.
16:44 of 1st period - Kaapo Kakko is hit by Travis Barron.
16:52 of 1st period - Shot by Tommy Novak.
16:52 of 1st period - Shot Misses the Net.
16:54 of 1st period - Shot by Jared McIsaac.
16:54 of 1st period - Stopped by Lukas Dostal without a rebound.
16:55 of 1st period - Connor McMichael wins face-off versus Nate Schnarr in Crunch zone.
17:00 of 1st period - Philip Broberg is hit by Travis Barron and loses puck.
17:13 of 1st period - Shot by Eetu Tuulola.
17:13 of 1st period - Shot Misses the Net.
17:15 of 1st period - Shot by Eetu Tuulola.
17:15 of 1st period - Stopped by Lukas Dostal with a rebound.
17:17 of 1st period - Shot by Eetu Tuulola.
17:17 of 1st period - Stopped by Lukas Dostal without a rebound.
17:18 of 1st period - Tyson Foerster wins face-off versus Semyon Der-Arguchintsev in Crunch zone.
17:18 of 1st period - Jake Walman is hit by Anthony Greco and loses puck.
17:27 of 1st period - Shot by Tyson Foerster.
17:27 of 1st period - Stopped by Jesper Wallstedt without a rebound.
17:28 of 1st period - Tommy Novak wins face-off versus Tyson Foerster in Comets zone.
17:28 of 1st period - Adam Gaudette is hit by Dmitrij Jaskin and loses puck.
17:40 of 1st period - Tyson Foerster is hit by Shakir Mukhamadullin and loses puck.
18:15 of 1st period - Egor Zamula is hit by Shakir Mukhamadullin.
18:40 of 1st period - Shot by Joakim Kemell.
18:40 of 1st period - Shot Misses the Net.
18:50 of 1st period - Shot by Connor McMichael.
18:50 of 1st period - Shot Misses the Net.
18:53 of 1st period - Minor Penalty to Shakir Mukhamadullin for Cross-checking.
18:54 of 1st period - Juraj Slafkovsky wins face-off versus Tyson Foerster in Comets zone.
19:13 of 1st period - Shot by Cam York.
19:13 of 1st period - Shot Misses the Net.
19:15 of 1st period - Shot by Jacob Larsson.
19:15 of 1st period - Shot Blocked by Philip Broberg.
19:17 of 1st period - Shot by Jacob Larsson.
19:17 of 1st period - Stopped by Jesper Wallstedt with a rebound.
19:23 of 1st period - Shot by Tyson Foerster.
19:23 of 1st period - Stopped by Jesper Wallstedt without a rebound.
19:24 of 1st period - Juraj Slafkovsky wins face-off versus Connor McMichael in Comets zone.
19:57 of 1st period - Shot by Jake Walman.
19:57 of 1st period - Stopped by Jesper Wallstedt with a rebound.
Goals for this period are 0 for Crunch vs 3 for Comets.
Shots for this period are 14 for Crunch vs 15 for Comets.

2nd period


0:01 of 2nd period - Tyson Foerster wins face-off versus Tommy Novak in neutral zone.
0:22 of 2nd period - Shot by Jake Walman.
0:22 of 2nd period - Shot Misses the Net.
0:24 of 2nd period - Shot by Arthur Kaliyev.
0:24 of 2nd period - Stopped by Jesper Wallstedt without a rebound.
0:25 of 2nd period - Connor McMichael wins face-off versus Kaapo Kakko in Comets zone.
1:06 of 2nd period - Off-side.
1:07 of 2nd period - Nate Schnarr wins face-off versus Tyson Foerster in neutral zone.
1:14 of 2nd period - Shot by Juraj Slafkovsky.
1:14 of 2nd period - Stopped by Lukas Dostal without a rebound.
1:15 of 2nd period - Semyon Der-Arguchintsev wins face-off versus Tyson Foerster in Crunch zone.
2:05 of 2nd period - Tommy Novak is hit by Dmitrij Jaskin and loses puck.
2:21 of 2nd period - Icing by Kyle Capobianco.
2:22 of 2nd period - Connor McMichael wins face-off versus Tommy Novak in Comets zone.
2:23 of 2nd period - Shot by Travis Barron.
2:23 of 2nd period - Stopped by Jesper Wallstedt without a rebound.
2:24 of 2nd period - Nate Schnarr wins face-off versus Connor McMichael in Comets zone.
2:39 of 2nd period - Shot by Joakim Kemell.
2:39 of 2nd period - Deflect By Connor McMichael.
2:39 of 2nd period - Shot Misses the Net.
2:41 of 2nd period - Shot by Joakim Kemell.
2:41 of 2nd period - Shot Misses the Net.
2:43 of 2nd period - Shot by Joakim Kemell.
2:43 of 2nd period - Shot Blocked by Jared McIsaac.
2:45 of 2nd period - Shot by Joakim Kemell.
2:45 of 2nd period - Stopped by Jesper Wallstedt without a rebound.
2:46 of 2nd period - Semyon Der-Arguchintsev wins face-off versus Ruslan Iskhakov in Comets zone.
2:46 of 2nd period - Semyon Der-Arguchintsev is hit by Cross Hanas.
3:00 of 2nd period - Tyson Foerster is hit by Cale Fleury.
3:15 of 2nd period - Cross Hanas is hit by Cale Fleury.
3:28 of 2nd period - Minor Penalty to Ville Heinola for Holding.
3:29 of 2nd period - Tommy Novak wins face-off versus Joakim Kemell in Crunch zone.
4:08 of 2nd period - Shot by Adam Gaudette.
4:08 of 2nd period - Stopped by Lukas Dostal without a rebound.
4:09 of 2nd period - Joakim Kemell wins face-off versus Semyon Der-Arguchintsev in Crunch zone.
4:26 of 2nd period - Shot by Alex Alexeyev.
4:26 of 2nd period - Stopped by Lukas Dostal without a rebound.
4:27 of 2nd period - Joakim Kemell wins face-off versus Tommy Novak in Crunch zone.
4:41 of 2nd period - Icing by Tommy Novak.
4:42 of 2nd period - Tommy Novak wins face-off versus Joakim Kemell in Comets zone.
4:42 of 2nd period - Tommy Novak is hit by Joakim Kemell.
5:02 of 2nd period - Shot by Kaapo Kakko.
5:02 of 2nd period - Shot Blocked by Jake Walman.
5:04 of 2nd period - Shot by Alex Alexeyev.
5:04 of 2nd period - Shot Blocked by Jake Walman.
5:24 of 2nd period - Shot by Tyson Foerster.
5:24 of 2nd period - Shot Misses the Net.
5:26 of 2nd period - Shot by Tyson Foerster.
5:26 of 2nd period - Stopped by Jesper Wallstedt without a rebound.
5:27 of 2nd period - Tyson Foerster wins face-off versus Semyon Der-Arguchintsev in Comets zone.
5:44 of 2nd period - Eetu Tuulola is hit by Cam York and loses puck.
6:01 of 2nd period - Shot by Juraj Slafkovsky.
6:01 of 2nd period - Stopped by Lukas Dostal without a rebound.
6:02 of 2nd period - Semyon Der-Arguchintsev wins face-off versus Connor McMichael in Crunch zone.
6:10 of 2nd period - Icing by Egor Zamula.
6:11 of 2nd period - Mavrik Bourque wins face-off versus Connor McMichael in Crunch zone.
6:27 of 2nd period - Connor McMichael is hit by Cale Fleury and loses puck.
8:37 of 2nd period - Icing by Jacob Larsson.
8:38 of 2nd period - Semyon Der-Arguchintsev wins face-off versus Tyson Foerster in Crunch zone.
9:10 of 2nd period - Shot by Sampo Ranta.
9:10 of 2nd period - Shot Misses the Net.
9:14 of 2nd period - Shot by Anthony Greco.
9:14 of 2nd period - Stopped by Lukas Dostal with a rebound.
9:16 of 2nd period - Shot by Semyon Der-Arguchintsev.
9:16 of 2nd period - Shot Misses the Net.
9:25 of 2nd period - Icing by Dmitrij Jaskin.
9:26 of 2nd period - Tommy Novak wins face-off versus Tyson Foerster in Crunch zone.
9:26 of 2nd period - Philip Broberg is hit by Cam York.
11:11 of 2nd period - Shot by Cale Fleury.
11:11 of 2nd period - Shot Blocked by Egor Zamula.
11:13 of 2nd period - Shot by Anthony Greco.
11:13 of 2nd period - Goal by Anthony Greco - Crunch : 0 - Comets : 4.
11:14 of 2nd period - Mavrik Bourque wins face-off versus Ruslan Iskhakov in neutral zone.
11:33 of 2nd period - Off-side.
11:34 of 2nd period - Kaapo Kakko wins face-off versus Connor McMichael in neutral zone.
12:16 of 2nd period - Ville Heinola is hit by Kyle Capobianco and loses puck.
12:24 of 2nd period - Off-side.
12:25 of 2nd period - Semyon Der-Arguchintsev wins face-off versus Ruslan Iskhakov in neutral zone.
12:32 of 2nd period - Shot by Anthony Greco.
12:32 of 2nd period - Stopped by Lukas Dostal without a rebound.
12:33 of 2nd period - Semyon Der-Arguchintsev wins face-off versus Ruslan Iskhakov in Crunch zone.
12:42 of 2nd period - Shot by Anthony Greco.
12:42 of 2nd period - Shot Misses the Net.
12:47 of 2nd period - Dmitrij Jaskin is hit by Alex Alexeyev and loses puck.
12:50 of 2nd period - Shot by Arthur Kaliyev.
12:50 of 2nd period - Shot Misses the Net.
12:52 of 2nd period - Shot by Arthur Kaliyev.
12:52 of 2nd period - Stopped by Jesper Wallstedt without a rebound.
12:53 of 2nd period - Nate Schnarr wins face-off versus Ruslan Iskhakov in Comets zone.
13:09 of 2nd period - Jacob Larsson is hit by Eetu Tuulola and loses puck.
13:19 of 2nd period - Shot by Ruslan Iskhakov.
13:19 of 2nd period - Shot Misses the Net.
13:38 of 2nd period - Icing by Juraj Slafkovsky.
13:39 of 2nd period - Tyson Foerster wins face-off versus Nate Schnarr in Comets zone.
13:55 of 2nd period - Icing by Jake Walman.
13:56 of 2nd period - Tyson Foerster wins face-off versus Semyon Der-Arguchintsev in Crunch zone.
13:56 of 2nd period - Tyson Foerster is hit by Semyon Der-Arguchintsev.
14:08 of 2nd period - Shot by Arthur Kaliyev.
14:08 of 2nd period - Stopped by Jesper Wallstedt without a rebound.
14:09 of 2nd period - Connor McMichael wins face-off versus Adam Gaudette in Comets zone.
14:31 of 2nd period - Kaapo Kakko is hit by Jacob Larsson and loses puck.
14:47 of 2nd period - Icing by Cam York.
14:48 of 2nd period - Connor McMichael wins face-off versus Anthony Greco in Crunch zone.
16:11 of 2nd period - Shot by Juraj Slafkovsky.
16:11 of 2nd period - Shot Misses the Net.
16:24 of 2nd period - Arthur Kaliyev is hit by Kaapo Kakko.
16:32 of 2nd period - Arthur Kaliyev is hit by Adam Gaudette.
16:35 of 2nd period - Off-side.
16:36 of 2nd period - Mavrik Bourque wins face-off versus Ruslan Iskhakov in neutral zone.
16:44 of 2nd period - Mavrik Bourque is hit by Ville Heinola and loses puck.
16:58 of 2nd period - Double Minor Penalty to Adam Ginning for Roughing.
16:59 of 2nd period - Joakim Kemell wins face-off versus Tommy Novak in Crunch zone.
17:20 of 2nd period - Shot by Kaapo Kakko.
17:20 of 2nd period - Stopped by Lukas Dostal without a rebound.
17:21 of 2nd period - Semyon Der-Arguchintsev wins face-off versus Joakim Kemell in Crunch zone.
17:34 of 2nd period - Shot by Cale Fleury.
17:34 of 2nd period - Shot Misses the Net.
17:36 of 2nd period - Shot by Cale Fleury.
17:36 of 2nd period - Stopped by Lukas Dostal without a rebound.
17:37 of 2nd period - Joakim Kemell wins face-off versus Tommy Novak in Crunch zone.
17:45 of 2nd period - Icing by Philip Broberg.
17:46 of 2nd period - Joakim Kemell wins face-off versus Tommy Novak in Comets zone.
17:51 of 2nd period - Shot by Joakim Kemell.
17:51 of 2nd period - Stopped by Jesper Wallstedt without a rebound.
17:52 of 2nd period - Joakim Kemell wins face-off versus Tommy Novak in Comets zone.
18:18 of 2nd period - Shot by Alex Alexeyev.
18:18 of 2nd period - Deflect By Adam Gaudette.
18:18 of 2nd period - Stopped by Lukas Dostal without a rebound.
18:19 of 2nd period - Joakim Kemell wins face-off versus Semyon Der-Arguchintsev in Crunch zone.
18:36 of 2nd period - Shot by Philip Broberg.
18:36 of 2nd period - Stopped by Lukas Dostal without a rebound.
18:37 of 2nd period - Tommy Novak wins face-off versus Tyson Foerster in Crunch zone.
18:56 of 2nd period - Shot by Kaapo Kakko.
18:56 of 2nd period - Stopped by Lukas Dostal without a rebound.
18:57 of 2nd period - Semyon Der-Arguchintsev wins face-off versus Joakim Kemell in Crunch zone.
Goals for this period are 0 for Crunch vs 1 for Comets.
Shots for this period are 7 for Crunch vs 12 for Comets.

3rd period


0:01 of 3rd period - Tommy Novak wins face-off versus Joakim Kemell in neutral zone.
0:12 of 3rd period - Icing by Tommy Novak.
0:13 of 3rd period - Joakim Kemell wins face-off versus Tommy Novak in Comets zone.
0:13 of 3rd period - Joakim Kemell is hit by Cale Fleury.
1:25 of 3rd period - Icing by Shakir Mukhamadullin.
1:26 of 3rd period - Mavrik Bourque wins face-off versus Joakim Kemell in Comets zone.
1:26 of 3rd period - Mavrik Bourque is hit by Joakim Kemell.
1:43 of 3rd period - Icing by Connor McMichael.
1:44 of 3rd period - Juraj Slafkovsky wins face-off versus Connor McMichael in Crunch zone.
1:47 of 3rd period - Shot by Eetu Tuulola.
1:47 of 3rd period - Deflect By Juraj Slafkovsky.
1:47 of 3rd period - Stopped by Lukas Dostal without a rebound.
1:48 of 3rd period - Tyson Foerster wins face-off versus Tommy Novak in Crunch zone.
1:48 of 3rd period - Tyson Foerster is hit by Tommy Novak.
1:54 of 3rd period - Kaapo Kakko is hit by Tyson Foerster and loses puck.
2:23 of 3rd period - Shot by Tommy Novak.
2:23 of 3rd period - Stopped by Lukas Dostal without a rebound.
2:24 of 3rd period - Travis Barron wins face-off versus Semyon Der-Arguchintsev in Crunch zone.
2:35 of 3rd period - Shot by Joakim Kemell.
2:35 of 3rd period - Shot Blocked by Cale Fleury.
3:01 of 3rd period - Shot by Jacob Larsson.
3:01 of 3rd period - Stopped by Jesper Wallstedt without a rebound.
3:02 of 3rd period - Nate Schnarr wins face-off versus Tyson Foerster in Comets zone.
3:41 of 3rd period - Shot by Nate Schnarr.
3:41 of 3rd period - Deflect By Juraj Slafkovsky.
3:41 of 3rd period - Shot Misses the Net.
3:48 of 3rd period - Icing by Tyson Foerster.
3:49 of 3rd period - Tyson Foerster wins face-off versus Semyon Der-Arguchintsev in Crunch zone.
3:51 of 3rd period - Icing by Egor Zamula.
3:52 of 3rd period - Tyson Foerster wins face-off versus Semyon Der-Arguchintsev in Crunch zone.
3:59 of 3rd period - Shot by Tyson Foerster.
3:59 of 3rd period - Deflect By Arthur Kaliyev.
3:59 of 3rd period - Shot Misses the Net.
4:01 of 3rd period - Shot by Arthur Kaliyev.
4:01 of 3rd period - Shot Misses the Net.
4:03 of 3rd period - Shot by Jake Walman.
4:03 of 3rd period - Stopped by Jesper Wallstedt without a rebound.
4:04 of 3rd period - Connor McMichael wins face-off versus Tommy Novak in Comets zone.
4:11 of 3rd period - Shot by Connor McMichael.
4:11 of 3rd period - Stopped by Jesper Wallstedt without a rebound.
4:12 of 3rd period - Semyon Der-Arguchintsev wins face-off versus Connor McMichael in Comets zone.
4:12 of 3rd period - Semyon Der-Arguchintsev is hit by Travis Barron.
4:58 of 3rd period - Icing by Semyon Der-Arguchintsev.
4:59 of 3rd period - Semyon Der-Arguchintsev wins face-off versus Tyson Foerster in Comets zone.
5:09 of 3rd period - Shot by Arthur Kaliyev.
5:09 of 3rd period - Shot Blocked by Semyon Der-Arguchintsev.
5:11 of 3rd period - Shot by Arthur Kaliyev.
5:11 of 3rd period - Shot Blocked by Alex Alexeyev.
5:13 of 3rd period - Shot by Arthur Kaliyev.
5:13 of 3rd period - Stopped by Jesper Wallstedt without a rebound.
5:14 of 3rd period - Ruslan Iskhakov wins face-off versus Tommy Novak in Comets zone.
5:42 of 3rd period - Egor Zamula is hit by Kyle Capobianco and loses puck.
5:45 of 3rd period - Shot by Tyson Foerster.
5:45 of 3rd period - Stopped by Jesper Wallstedt without a rebound.
5:46 of 3rd period - Connor McMichael wins face-off versus Juraj Slafkovsky in Comets zone.
5:57 of 3rd period - Shot by Shakir Mukhamadullin.
5:57 of 3rd period - Shot Misses the Net.
6:01 of 3rd period - Shot by Nate Schnarr.
6:01 of 3rd period - Shot Misses the Net.
6:05 of 3rd period - Shot by Juraj Slafkovsky.
6:05 of 3rd period - Shot Blocked by Jacob Larsson.
6:07 of 3rd period - Shot by Juraj Slafkovsky.
6:07 of 3rd period - Shot Misses the Net.
6:49 of 3rd period - Shot by Mavrik Bourque.
6:49 of 3rd period - Shot Misses the Net.
6:59 of 3rd period - Shot by Mavrik Bourque.
6:59 of 3rd period - Shot Misses the Net.
7:01 of 3rd period - Shot by Alex Alexeyev.
7:01 of 3rd period - Stopped by Lukas Dostal without a rebound.
7:02 of 3rd period - Tommy Novak wins face-off versus Ruslan Iskhakov in Crunch zone.
7:36 of 3rd period - Icing by Adam Ginning.
7:37 of 3rd period - Ruslan Iskhakov wins face-off versus Semyon Der-Arguchintsev in Crunch zone.
7:42 of 3rd period - Shot by Tyson Foerster.
7:42 of 3rd period - Shot Misses the Net.
9:08 of 3rd period - Icing by Alex Alexeyev.
9:09 of 3rd period - Tyson Foerster wins face-off versus Semyon Der-Arguchintsev in Comets zone.
9:21 of 3rd period - Minor Penalty to Cale Fleury for Slashing.
9:22 of 3rd period - Kaapo Kakko wins face-off versus Connor McMichael in Comets zone.
9:31 of 3rd period - Shot by Egor Zamula.
9:31 of 3rd period - Shot Blocked by Philip Broberg.
9:33 of 3rd period - Shot by Connor McMichael.
9:33 of 3rd period - Deflect By Joakim Kemell.
9:33 of 3rd period - Stopped by Jesper Wallstedt without a rebound.
9:34 of 3rd period - Kaapo Kakko wins face-off versus Tyson Foerster in Comets zone.
9:43 of 3rd period - Tyson Foerster is hit by Kaapo Kakko and loses puck.
10:13 of 3rd period - Icing by Cam York.
10:14 of 3rd period - Kaapo Kakko wins face-off versus Tyson Foerster in Crunch zone.
11:41 of 3rd period - Icing by Adam Ginning.
11:42 of 3rd period - Mavrik Bourque wins face-off versus Ruslan Iskhakov in Crunch zone.
12:01 of 3rd period - Shot by Adam Ginning.
12:01 of 3rd period - Stopped by Jesper Wallstedt with a rebound.
12:03 of 3rd period - Shot by Ryan Suzuki.
12:03 of 3rd period - Stopped by Jesper Wallstedt without a rebound.
12:04 of 3rd period - Tyson Foerster wins face-off versus Semyon Der-Arguchintsev in Comets zone.
12:29 of 3rd period - Shot by Dmitrij Jaskin.
12:29 of 3rd period - Shot Blocked by Semyon Der-Arguchintsev.
12:31 of 3rd period - Shot by Arthur Kaliyev.
12:31 of 3rd period - Stopped by Jesper Wallstedt without a rebound.
12:32 of 3rd period - Tommy Novak wins face-off versus Connor McMichael in Comets zone.
12:59 of 3rd period - Shot by Joakim Kemell.
12:59 of 3rd period - Shot Misses the Net.
13:11 of 3rd period - Shot by Joakim Kemell.
13:11 of 3rd period - Stopped by Jesper Wallstedt without a rebound.
13:12 of 3rd period - Nate Schnarr wins face-off versus Tyson Foerster in Comets zone.
13:38 of 3rd period - Off-side.
13:39 of 3rd period - Mavrik Bourque wins face-off versus Ruslan Iskhakov in neutral zone.
13:43 of 3rd period - Mavrik Bourque is hit by Adam Ginning and loses puck.
13:50 of 3rd period - Shot by Cross Hanas.
13:50 of 3rd period - Stopped by Jesper Wallstedt without a rebound.
13:51 of 3rd period - Connor McMichael wins face-off versus Tommy Novak in Comets zone.
13:52 of 3rd period - Shot by Jake Walman.
13:52 of 3rd period - Shot Misses the Net.
13:55 of 3rd period - Icing by Cale Fleury.
13:56 of 3rd period - Tommy Novak wins face-off versus Connor McMichael in Comets zone.
13:56 of 3rd period - Tommy Novak is hit by Travis Barron.
14:16 of 3rd period - Shot by Tommy Novak.
14:16 of 3rd period - Shot Misses the Net.
14:34 of 3rd period - Shot by Adam Gaudette.
14:34 of 3rd period - Shot Misses the Net.
14:37 of 3rd period - Kaapo Kakko is hit by Jake Walman and loses puck.
15:12 of 3rd period - Shot by Mavrik Bourque.
15:12 of 3rd period - Stopped by Lukas Dostal without a rebound.
15:13 of 3rd period - Ruslan Iskhakov wins face-off versus Nate Schnarr in Crunch zone.
15:30 of 3rd period - Shot by Eetu Tuulola.
15:30 of 3rd period - Shot Misses the Net.
15:33 of 3rd period - Icing by Adam Ginning.
15:34 of 3rd period - Semyon Der-Arguchintsev wins face-off versus Ruslan Iskhakov in Crunch zone.
16:14 of 3rd period - Minor Penalty to Kyle Capobianco for Roughing.
16:14 of 3rd period - Minor Penalty to Travis Barron for Hooking.
16:15 of 3rd period - Ruslan Iskhakov wins face-off versus Kaapo Kakko in Comets zone.
16:16 of 3rd period - Shot by Jake Walman.
16:16 of 3rd period - Stopped by Jesper Wallstedt without a rebound.
16:17 of 3rd period - Ruslan Iskhakov wins face-off versus Kaapo Kakko in Comets zone.
16:20 of 3rd period - Shot by Cross Hanas.
16:20 of 3rd period - Shot Misses the Net.
16:22 of 3rd period - Shot by Cross Hanas.
16:22 of 3rd period - Shot Blocked by Cale Fleury.
16:24 of 3rd period - Shot by Nikita Okhotiuk.
16:24 of 3rd period - Goal by Nikita Okhotiuk - Crunch : 1 - Comets : 4.
16:25 of 3rd period - Kaapo Kakko wins face-off versus Ruslan Iskhakov in neutral zone.
16:55 of 3rd period - Ruslan Iskhakov is hit by Alex Alexeyev and loses puck.
17:12 of 3rd period - Jacob Larsson is hit by Kaapo Kakko and loses puck.
17:16 of 3rd period - Cam York is hit by Tommy Novak.
17:28 of 3rd period - Shot by Connor McMichael.
17:28 of 3rd period - Shot Blocked by Alex Alexeyev.
17:30 of 3rd period - Shot by Tyson Foerster.
17:30 of 3rd period - Goal by Tyson Foerster - Crunch : 2 - Comets : 4.
17:31 of 3rd period - Adam Gaudette wins face-off versus Ruslan Iskhakov in neutral zone.
17:50 of 3rd period - Shot by Adam Gaudette.
17:50 of 3rd period - Deflect By Anthony Greco.
17:50 of 3rd period - Stopped by Lukas Dostal with a rebound.
17:58 of 3rd period - Shot by Adam Gaudette.
17:58 of 3rd period - Shot Misses the Net.
18:00 of 3rd period - Shot by Anthony Greco.
18:00 of 3rd period - Deflect By Adam Gaudette.
18:00 of 3rd period - Shot Misses the Net.
18:04 of 3rd period - Shot by Anthony Greco.
18:04 of 3rd period - Shot Blocked by Nikita Okhotiuk.
18:22 of 3rd period - Icing by Cam York.
18:23 of 3rd period - Mavrik Bourque wins face-off versus Tyson Foerster in Crunch zone.
18:23 of 3rd period - Sampo Ranta is hit by Jacob Larsson and loses puck.
18:30 of 3rd period - Tyson Foerster is hit by Brad Malone and loses puck.
18:49 of 3rd period - Sampo Ranta is hit by Jacob Larsson and loses puck.
19:13 of 3rd period - Icing by Shakir Mukhamadullin.
19:14 of 3rd period - Mavrik Bourque wins face-off versus Joakim Kemell in Comets zone.
19:32 of 3rd period - Off-side.
19:33 of 3rd period - Connor McMichael wins face-off versus Tommy Novak in neutral zone.
19:36 of 3rd period - Shot by Ville Heinola.
19:36 of 3rd period - Stopped by Jesper Wallstedt without a rebound.
19:37 of 3rd period - Tommy Novak wins face-off versus Ryan Suzuki in Comets zone.
19:49 of 3rd period - Egor Zamula is hit by Alex Alexeyev.
Goals for this period are 2 for Crunch vs 0 for Comets.
Shots for this period are 15 for Crunch vs 5 for Comets.